 Dungeon Crawl Stone Soup version 0.21.1-1-g345015f (webtiles) character file.

81468 sanboga the Severer (level 15, 0/101 HPs)
             Began as a Gargoyle Berserker on Apr 18, 2018.
             Was the Champion of Trog.
             Slain by an orc warrior
             ... wielding a +0 long sword
              (8 damage)
             ... while paralysed by an orc sorcerer
             ... on level 2 of the Orcish Mines.
             The game lasted 00:51:22 (23482 turns).

sanboga the Severer (Gargoyle Berserker)           Turns: 23482, Time: 00:51:23

Health: 0/101      AC: 41    Str: 28    XL:     15   Next: 70%
Magic:  8/8        EV:  2    Int: 11    God:    Trog [******]
Gold:   1649       SH:  0    Dex:  9    Spells: 14/14 levels left

rFire    + . .     SeeInvis .   H - +2 executioner's axe (antimagic)
rCold    + + .     Gourm    .   (shield currently unavailable)
rNeg     + + +     Faith    .   K - +1 plate armour "Tallun" {rF+ rN+++ Int+4 Stlth-}
rPois    ∞         Spirit   .   q - +2 helmet "Sorunnav" {rC++ rCorr Dex-4 Stlth+}
rElec    +         Reflect  .   a - +2 cloak
rCorr    +         Harm     .   u - +1 pair of gloves
MR       +....                  r - +1 pair of boots {run}
Stlth    ..........             (no amulet)
HPRegen  0.26/turn              s - ring of magical power
MPRegen  0.11/turn              w - +4 ring of dexterity

@: paralysed, liquid flames, berserk cooldown, flying, very slightly
contaminated, slowed, glowing, quick
A: big wings, negative energy resistance 1, electricity resistance, unbreathing,
petrification resistance, rot immunity, AC +11
a: Stop Flying, Berserk, Trog's Hand, Brothers in Arms, Burn Spellbooks,
Renounce Religion


You were on level 2 of the Orcish Mines.
You worshipped Trog.
Trog was exalted by your worship.
You were hungry.

You visited 5 branches of the dungeon, and saw 23 of its levels.
You also visited: Bailey.

You collected 2516 gold pieces.
You spent 867 gold pieces at shops.

Inventory:

Hand Weapons
 l - a +1 vampiric battleaxe
 z - a +2 hand axe of flaming
 H - a +2 antimagic executioner's axe (weapon)
Armour
 a - a +2 cloak (worn)
 q - the +2 helmet "Sorunnav" (worn) {rC++ rCorr Dex-4 Stlth+}
   (You bought it in a shop on level 11 of the Dungeon)

   It affects your dexterity (-4).
   It greatly protects you from cold.
   It protects you from acid and corrosion.
   It makes you more stealthy.
 r - a +1 pair of boots of running (worn)
 u - a +1 pair of gloves (worn)
 K - the +1 plate armour "Tallun" (worn) {rF+ rN+++ Int+4 Stlth-}
   (You found it on level 5 of the Lair of Beasts)

   It affects your intelligence (+4).
   It protects you from fire.
   It renders you almost immune to negative energy.
   It makes you less stealthy.
Jewellery
 s - a ring of magical power (left hand)
 w - a +4 ring of dexterity (right hand)
 C - an uncursed ring of ice
Wands
 k - a wand of flame (61)
 o - a wand of iceblast (16)
 y - a wand of acid (14)
 F - a wand of polymorph (2)
 G - a wand of disintegration (18)
 J - a wand of enslavement (39)
Scrolls
 f - 6 scrolls of teleportation
 t - 2 scrolls of blinking
 v - 9 scrolls of identify
 x - 5 scrolls of remove curse
 A - 2 scrolls of fog
 B - a scroll of magic mapping
 I - a scroll of fear
 M - a scroll of enchant weapon
Potions
 b - 6 potions of curing
 d - 3 potions of haste
 g - a potion of mutation
 h - 5 potions of lignification
 i - 2 potions of resistance
 j - 3 potions of agility
 p - 8 potions of might
 D - 3 potions of invisibility
 E - a potion of cancellation
Books
 n - the Almanac of Supportive Ignition
   (You found it on level 4 of the Dungeon)

   Spells                             Type                      Level
   a - Summon Butterflies             Summoning                    1
   b - Summon Small Mammal            Summoning                    1
   c - Throw Flame                    Conjuration/Fire             2
   d - Call Imp                       Summoning                    2
   e - Summon Forest                  Summoning/Translocation      5
   f - Summon Hydra                   Summoning                    7
   Trog disapproves of the use of such an item.
Miscellaneous
 m - a phial of floods
 L - a lamp of fire
Comestibles
 c - 55 rations
 N - a chunk of flesh


   Skills:
 + Level 14.9 Fighting
 * Level 17.2 Axes
 + Level 14.7 Armour
 - Level 1.5 Dodging


You had 14 spell levels left.
You didn't know any spells.

Dungeon Overview and Level Annotations

Branches:
Dungeon (13/15)            Temple (0/1) D:6            Lair (6/6) D:10
  Swamp (1/4) Lair:3        Snake (1/4) Lair:4        Slime (0/5) Lair:6
    Orc (2/2) D:9             Elf (0/3) Orc:2
 Vaults: D:13-14

Altars:
Ashenzari
Cheibriados
Gozag
Vehumet
Yredelemnul
Beogh
Jiyva

Shops:
D:11 [   D:12 **   Orc:1 =   Orc:2 %%[


Innate Abilities, Weirdness & Mutations

You are resistant to torment.
Your stone body is resilient. (AC +11)
You are immune to poison.
Your large and strong wings let you fly indefinitely.
You resist negative energy. (rN+)
You are resistant to electric shocks. (rElec)
You can survive without breathing.
You are immune to petrification.
You are immune to rotting.


Message History

The orc sorcerer hits you but does no damage.
The orc knight hits you but does no damage.
You hear a shout!
Your surroundings suddenly seem different.
An orc priest comes into view.
The orc priest shouts!
The orc knight shouts!
You hear a shout!
The smoke demon gestures at you. The sticky flame hits you! You resist.
You are covered in liquid flames!
* * * LOW HITPOINT WARNING * * *
You hear a shout! x2
An orc warrior and an orc knight come into view.
You are covered in liquid flames!
* * * LOW HITPOINT WARNING * * *
The orc warrior shouts!
The smoke demon disappears in a puff of smoke!
The orc knight roars a battlecry!
The orcs go into a battle-frenzy!
The orc warrior hits you with a long sword!
You die...

##()###.o.##
##o3o###.........
##(.)....4##
##)oo###........
##.)).#...##
#o..###.......
##.).#....##
#.#.###.....#
#∩.#.....##
§o....###..#..
....)#..##
#.#o.... ##....
#∩.#.....# #...o
..###.....
##...#....# ##..#
.###......
##)...#...# #@.#
#......
##........##.o.##
###....
##..###...##.##
###.. ##..#
#...## ### ##..#
#... #.. #.


You could see 2 orc knights, an orc warrior and an orc priest.

Vanquished Creatures
  Gastronok (Lair:2)
  A dire elephant (Lair:6)
  Snorg (D:11)
  Josephine (Lair:5)
  Fannar (Lair:3)
  10 hydras
  Harold (Lair:4)
  A merfolk avatar (Lair:6)
  7 two-headed ogres
  4 death yaks (Lair:6)
  An orc high priest (Orc:1)
  3 sixfirhies (Orc:2)
  2 unseen horrors
  3 sea snakes (Lair:6)
  A harpy (Lair:6)
  A deep elf mage (D:12)
  2 orc knights
  5 orc sorcerers
  An oklob plant (Lair:6)
  2 manticores
  A cyclops (Orc:2)
  A salamander (shapeshifter) (D:13)
  An ugly thing (D:12)
  2 black mambas
  2 centaur zombies
  16 elephants
  Maurice (D:8)
  Psyche (D:11)
  3 torpor snails (Lair:4)
  10 spiny frogs
  6 rime drakes
  8 komodo dragons
  A red devil (Orc:2)
  A queen bee (Lair:1)
  A troll (D:10)
  5 polar bears
  2 hornets
  18 blink frogs
  10 hippogriffs
  3 slime creatures (D:12)
  11 dream sheep
  The ghost of Thresh the Cutter, an amateur GrGl (D:4)
  45 yaks
  6 wraiths
  A spriggan (Lair:1)
  4 wyverns
  A basilisk (Lair:2)
  The ghost of Swiffty123 the Chopper, an amateur MiBe of Trog (D:3)
  Grum (D:9)
  2 hungry ghosts
  A steam dragon (D:12)
  2 vampire mosquitoes (D:12)
  A chaos spawn (Orc:2)
  Menkaure (D:4)
  3 nagas (Lair:4)
  A warg (Orc:2)
  16 water moccasins
  6 porcupines
  An acid dragon (D:12)
  A phantom (D:4)
  14 ogres
  3 sky beasts
  A necrophage (D:11)
  32 orc warriors
  6 centaurs
  28 wolves
  20 crocodiles
  9 bullfrogs
  5 big kobolds
  8 gnoll sergeants (Bailey)
  A water moccasin zombie (D:9)
  3 scorpions
  23 killer bees
  2 howler monkeys
  4 crimson imps
  2 bullfrog zombies
  A quasit (D:5)
  A bullfrog skeleton (D:12)
  4 centaur skeletons
  18 orc priests
  6 gnoll shamans (Bailey)
  7 hounds
  2 jellies
  Jessica (D:3)
  4 iguanas
  24 orc wizards
  5 worker ants
  A killer bee zombie (D:8)
  A hound zombie (D:6)
  2 hound skeletons
  A worker ant zombie (D:3)
  21 gnolls
  12 adders
  2 howler monkey skeletons
  4 shadow imps
  3 oozes
  4 worms
  A dart slug (D:1)
  6 leopard geckos
  86 orcs
  A ball python (D:3)
  5 bats
  11 goblins
  11 hobgoblins
  10 jackals
  7 quokkas
  6 frilled lizards
  17 kobolds
  A quokka skeleton (D:7)
  A quokka zombie (D:5)
  9 rats
  4 fungi
  5 plants
714 creatures vanquished.

Vanquished Creatures (others)
  An orc (D:9)
  8 fungi
  17 plants
26 creatures vanquished.

Grand Total: 740 creatures vanquished

Notes
Turn   | Place    | Note
-------+----------+-------------------------------------------
     0 | D:1      | sanboga the Gargoyle Berserker began the quest for the Orb.
     0 | D:1      | Reached XP level 1. HP: 14/14 MP: 1/1
   172 | D:1      | Reached skill level 3 in Axes
   172 | D:1      | Reached XP level 2. HP: 16/19 MP: 2/2
   812 | D:1      | Reached XP level 3. HP: 23/23 MP: 3/3
  1218 | D:2      | Found a basalt altar of Yredelemnul.
  1453 | D:2      | Reached ** piety under Trog
  1555 | D:3      | Noticed Swiffty123's ghost (amateur MiBe)
  1566 | D:3      | Killed Swiffty123's ghost
  1566 | D:3      | Reached skill level 4 in Axes
  1566 | D:3      | Reached XP level 4. HP: 30/30 MP: 4/4
  1566 | D:3      | Reached XP level 5. HP: 34/34 MP: 5/5
  1900 | D:3      | Reached XP level 6. HP: 39/39 MP: 6/6
  2360 | D:3      | Noticed Jessica
  2372 | D:3      | Killed Jessica
  2372 | D:3      | Reached skill level 5 in Axes
  2565 | D:4      | Reached *** piety under Trog
  2760 | D:4      | Found an opulent altar of Gozag.
  2785 | D:4      | Reached skill level 5 in Fighting
  2803 | D:4      | Reached XP level 7. HP: 15/44 MP: 7/7
  3072 | D:4      | Identified the Almanac of Supportive Ignition
  3096 | D:4      | Noticed Menkaure
  3096 | D:4      | Noticed Thresh's ghost (amateur GrGl)
  3101 | D:4      | Killed Thresh's ghost
  3102 | D:4      | Reached skill level 6 in Axes
  3113 | D:4      | Killed Menkaure
  3113 | D:4      | Reached skill level 5 in Armour
  3113 | D:4      | Reached XP level 8. HP: 51/51 MP: 8/8
  3598 | D:5      | Entered Level 5 of the Dungeon
  3700 | D:5      | Reached skill level 7 in Axes
  4159 | D:5      | Reached **** piety under Trog
  4296 | D:5      | Found a radiant altar of Vehumet.
  4674 | D:6      | Reached XP level 9. HP: 55/56 MP: 9/9
  4782 | D:6      | Reached skill level 8 in Axes
  5027 | D:6      | Found a staircase to the Ecumenical Temple.
  6048 | D:8      | Noticed a two-headed ogre
  6171 | D:7      | Killed a two-headed ogre
  6171 | D:7      | Reached skill level 9 in Axes
  6515 | D:8      | Reached XP level 10. HP: 64/64 MP: 10/10
  6752 | D:8      | Received a gift from Trog
  6791 | D:8      | Noticed Maurice
  7034 | D:8      | Killed Maurice
  7186 | D:9      | Reached ***** piety under Trog
  7239 | D:9      | Reached skill level 10 in Axes
  7612 | D:9      | Found a staircase to the Orcish Mines.
  7624 | D:9      | Found a roughly hewn altar of Beogh.
  7811 | D:9      | Noticed Grum
  8226 | D:9      | Killed Grum
  8465 | D:10     | Entered Level 10 of the Dungeon
  8620 | D:10     | Found a staircase to the Lair.
  8649 | D:10     | Noticed a manticore
  8683 | D:10     | Reached XP level 11. HP: 66/71 MP: 11/11
  8714 | D:10     | Reached skill level 11 in Axes
  8757 | D:10     | Killed an unseen horror
  9024 | D:10     | Received a gift from Trog
  9264 | D:11     | Noticed Psyche
  9268 | D:11     | Killed Psyche
  9268 | D:11     | Reached skill level 10 in Fighting
  9290 | D:11     | Found Etio's Armour Shop.
  9295 | D:11     | Bought the +2 helmet "Sorunnav" {rC++ rCorr Dex-4 Stlth+} for 429 gold pieces
  9474 | D:11     | Found a flagged portal.
  9494 | Bailey   | Entered a bailey
  9857 | Bailey   | Found the +3 hat of Pondering {ponderous, MR+ MP+10 Int+5}
  9917 | Bailey   | Reached skill level 10 in Armour
 10081 | D:11     | Reached skill level 12 in Axes
 10108 | D:11     | Noticed a two-headed hydra
 10118 | D:11     | Killed a one-headed hydra
 10328 | D:11     | Noticed Snorg
 10331 | D:11     | Noticed a two-headed ogre
 10343 | D:11     | Killed a two-headed ogre
 10343 | D:11     | Reached XP level 12. HP: 79/79 MP: 12/12
 10347 | D:11     | Killed Snorg
 10551 | D:11     | Received a gift from Trog
 10622 | D:11     | Noticed a two-headed ogre
 10626 | D:11     | Noticed a two-headed ogre
 10627 | D:11     | Killed a two-headed ogre
 10630 | D:11     | Killed a two-headed ogre
 11084 | D:11     | Bought a +1 pair of boots of running for 401 gold pieces
 11331 | D:12     | Found Osauwe Voiqi's Elemental Accessories.
 11382 | D:12     | Found Viogiw's Assorted Antiques.
 11385 | D:12     | Bought a scroll labeled OMEITO XAAVUVO for 37 gold pieces
 11404 | D:12     | Noticed a two-headed ogre
 11413 | D:12     | Killed a two-headed ogre
 11413 | D:12     | Reached skill level 13 in Axes
 11521 | D:12     | Noticed a two-headed ogre
 11527 | D:12     | Killed a two-headed ogre
 11694 | D:12     | Noticed a two-headed ogre
 11704 | D:12     | Killed a two-headed ogre
 12327 | D:13     | Noticed a four-headed hydra
 12345 | D:13     | Killed a five-headed hydra
 12741 | Lair:1   | Entered Level 1 of the Lair of Beasts
 12746 | Lair:1   | Noticed a four-headed hydra
 12748 | Lair:1   | Reached XP level 13. HP: 72/86 MP: 13/13
 12956 | Lair:1   | Reached skill level 14 in Axes
 13004 | Lair:1   | Noticed Sonja
 13013 | Lair:1   | Noticed Sonja
 13013 | Lair:1   | Sonja changed into Sonja the spriggan
 13023 | Lair:1   | Killed Sonja the spriggan
 13169 | Lair:1   | Received a gift from Trog
 13679 | Lair:1   | Reached ****** piety under Trog
 14153 | Lair:2   | Noticed Gastronok
 14175 | Lair:2   | Killed Gastronok
 14401 | Lair:2   | Received a gift from Trog
 15146 | Lair:3   | Reached skill level 15 in Axes
 15350 | Lair:3   | Found a staircase to the Swamp.
 15383 | Swamp:1  | Entered Level 1 of the Swamp
 15412 | Lair:3   | Gained mutation: Your large and strong wings let you fly indefinitely. [Gargoyle growth]
 15412 | Lair:3   | Reached XP level 14. HP: 46/94 MP: 8/14
 15932 | Lair:3   | Noticed Fannar
 15945 | Lair:3   | Killed Fannar
 16427 | Lair:4   | Found a staircase to the Snake Pit.
 16543 | Lair:4   | Found a snail-covered altar of Cheibriados.
 16772 | Lair:4   | Found a shattered altar of Ashenzari.
 16911 | Lair:4   | Noticed Harold
 16926 | Lair:4   | Killed Harold
 17131 | Snake:1  | Entered Level 1 of the Snake Pit
 17260 | Lair:5   | Noticed Josephine
 17275 | Lair:5   | Killed Josephine
 17521 | Lair:5   | Got a smelly plate armour
 17536 | Lair:5   | Identified the +1 plate armour "Tallun" {rF+ rN+++ Int+4 Stlth-} (You found it on level 5 of the Lair of Beasts)
 17833 | Lair:6   | Entered Level 6 of the Lair of Beasts
 17909 | Lair:6   | Received a gift from Trog
 18182 | Lair:6   | Reached skill level 16 in Axes
 18820 | Lair:6   | Noticed a dire elephant
 19202 | Lair:6   | Killed a dire elephant
 19418 | Lair:6   | Reached XP level 15. HP: 43/100 MP: 8/15
 20066 | Lair:6   | Received a gift from Trog
 20921 | Lair:6   | Found a viscous altar of Jiyva.
 20921 | Lair:6   | Found a staircase to the Slime Pits.
 21450 | Orc:1    | Entered Level 1 of the Orcish Mines
 21629 | Orc:2    | Entered Level 2 of the Orcish Mines
 21638 | Orc:2    | Found a staircase to the Elven Halls.
 21899 | Orc:1    | Found Dirph's Jewellery Shop.
 22022 | Orc:1    | Paralysed by an orc sorcerer for 7 turns
 22330 | Orc:1    | Reached skill level 17 in Axes
 22570 | Orc:2    | Found Otawul's Armour Shoppe.
 22856 | Orc:2    | Found Ziluem's Food Emporium.
 22874 | Orc:2    | Received a gift from Trog
 23045 | Orc:2    | Found Rely's Food Shoppe.
 23454 | Orc:2    | Paralysed by an orc sorcerer for 6 turns
 23480 | Orc:2    | Paralysed by an orc sorcerer for 4 turns
 23482 | Orc:2    | Slain by an orc warrior

Skill      XL: |  1  2  3  4  5  6  7  8  9 10 11 12 13 14 15 |
---------------+----------------------------------------------+-----
Axes           | 3 4 5 6 7 9 10 12 13 15 16 17 | 17.2
Fighting       | 4 5 6 8 9 10 12 13 14 | 14.9
Armour         | 3 4 5 6 7 9 10 11 12 14 | 14.7
Dodging        | |  1.5

Action                   |  1- 3 |  4- 6 |  7- 9 | 10-12 | 13-15 || total
-------------------------+-------+-------+-------+-------+-------++-------
Melee: Hand axe          |   145 |   174 |   295 |   344 |   121 ||  1079
       War axe           |       |       |   111 |   369 |       ||   480
       Battleaxe         |       |       |       |   144 |   185 ||   329
       Executioner's axe |       |       |       |       |   785 ||   785
Invok: Berserk           |     1 |     1 |     6 |     4 |     3 ||    15
       Burn Spellbooks   |       |       |       |     1 |     1 ||     2
 Abil: Fly               |       |       |       |       |     1 ||     1
Evoke: Wand              |       |       |       |     5 |     3 ||     8
       Lamp of fire      |       |       |       |       |     1 ||     1
  Use: Scroll            |     5 |       |    10 |    11 |     8 ||    34
       Potion            |     2 |     2 |       |       |     2 ||     6
  Eat: Chunk             |     2 |     5 |    19 |    24 |    34 ||    84
       Ration            |       |       |       |     1 |     1 ||     2
Armor: Animal skin       |    33 |       |       |       |       ||    33
       Chain mail        |    28 |    96 |   244 |       |       ||   368
       Plate armour      |       |       |   111 |   761 |  1486 ||  2358
       Skin              |       |       |       |       |     1 ||     1
Dodge: Dodged            |    87 |    83 |   189 |   365 |   712 ||  1436
